 Dungeon Crawl Stone Soup version 0.24-a0-462-ge24419a6ad (console) character file.

Game seed: 9230352238853946860

205 Lexodia the Cudgeler (level 5, 0/45 (47) HPs)
             Began as a Gnoll Chaos Knight on July 1, 2019.
             Was a Plaything of Xom.
             Slain by an ogre
             ... wielding a +0 giant club
              (6 damage)
             ... on level 3 of the Dungeon.
             The game lasted 00:01:48 (1780 turns).

Lexodia the Cudgeler (Gnoll Chaos Knight)           Turns: 1780, Time: 00:01:49

HP:   0/45 (47)     AC:  5    Str: 14    XL:     5   Next: 83%
MP:   7/7           EV: 13    Int: 14    God:    Xom [....*.]
Gold: 114           SH:  0    Dex: 16    Spells: 7/7 levels left

rFire    . . .     SeeInvis .   a - +0 mace (chaos)
rCold    . . .     Gourm    .   (no shield)
rNeg     . . .     Faith    .   b - +2 leather armour
rPois    .         Spirit   .   (no helmet)
rElec    .         Reflect  .   (no cloak)
rCorr    .         Harm     .   (no gloves)
MR       .....                  (no boots)
Stlth    ++........             (no amulet)
HPRegen  0.15/turn              (no ring)
MPRegen  0.10/turn              (no ring)

@: no status effects
A: distributed training, fangs 1, strong nose
a: Renounce Religion


You were on level 3 of the Dungeon.
You worshipped Xom.
You were a beloved toy of Xom.
You were not hungry.

You visited 1 branch of the dungeon, and saw 3 of its levels.

You collected 114 gold pieces.

Inventory:

Hand Weapons
 a - a +0 mace of chaos (weapon)
 j - a +0 club
Armour
 b - a +2 leather armour (worn)
Scrolls
 e - a scroll of blinking {unknown}
 g - a scroll of enchant weapon {unknown}
 h - 3 scrolls of identify {unknown}
 k - a scroll of remove curse {unknown}
Potions
 d - 2 potions of degeneration {unknown}
 f - a potion of brilliance {unknown}
Comestibles
 c - 5 rations
 i - 2 chunks of flesh


   Skills:
 + Level 6.7 Fighting
 + Level 1.6 Short Blades
 + Level 1.6 Long Blades
 + Level 1.6 Axes
 + Level 6.7 Maces & Flails
 + Level 1.6 Polearms
 + Level 1.6 Staves
 + Level 1.6 Slings
 + Level 1.6 Bows
 + Level 1.6 Crossbows
 + Level 1.6 Throwing
 + Level 4.8 Armour
 + Level 3.0 Dodging
 + Level 1.6 Stealth
 + Level 1.6 Shields
 + Level 1.6 Unarmed Combat
 + Level 1.6 Spellcasting
 + Level 1.3 Conjurations
 + Level 1.3 Hexes
 + Level 1.3 Charms
 + Level 1.3 Summonings
 + Level 1.3 Necromancy
 + Level 1.3 Translocations
 + Level 1.3 Transmutations
 + Level 1.3 Fire Magic
 + Level 1.3 Ice Magic
 + Level 1.3 Air Magic
 + Level 1.3 Earth Magic
 + Level 1.3 Poison Magic
 + Level 1.8 Invocations
 + Level 1.6 Evocations


You had 7 spell levels left.
You didn't know any spells.
Your spell library was empty.

Dungeon Overview and Level Annotations

Branches:
Dungeon (3/15)

Altars:
Cheibriados
Elyvilon
Gozag


Innate Abilities, Weirdness & Mutations

Your experience applies equally to all skills.
You have very sharp teeth.
Your uncanny sense of smell can sniff out nearby items.


Message History

An ogre comes into view. It is wielding a +0 giant club.
The kobold throws a stone.
The stone hits you but does no damage.
Found a glowing blue potion.
You see here a stone.
A rat comes into view.
Found 17 gold pieces.
Found a stone staircase leading down.
You hit the kobold.
You kill the kobold!
The ogre barely misses you.
You hit the ogre but do no damage. You hit the ogre.
The ogre is lightly wounded.
The ogre hits you with a +0 giant club!
* * * LOW HITPOINT WARNING * * *
Huge Dmg: -33%(-15hp) hp: 12%(5hp)
You closely miss the ogre.
The ogre is lightly wounded.
The ogre hits you with a +0 giant club.
You die...
Xom chuckles heartily!

#.# # ##.# ..# #. ..#
..# # #. #.# $.#
.#.####.######..##
.##.#......<........
..................###.#
.##.#.#)########O......
#.#.#.# #(.(@)r.%..#
.###.....# #(##.#.#####
........#####.##!# #
###.###.......##.# #
##########.# ∆ >.. #.#
#.#


You could see an ogre and a rat.

Vanquished Creatures
  A necrophage (D:2)
  Natasha (D:3)
  A worker ant (D:2)
  2 adders (D:2)
  An ooze (D:2)
  2 worms
  2 dart slugs (D:1)
  3 leopard geckos
  A giant cockroach (D:2)
  3 goblins
  4 hobgoblins
  4 bats (D:1)
  6 frilled lizards
  6 kobolds
  5 rats
42 creatures vanquished.

Notes
Turn   | Place    | Note
-------+----------+-------------------------------------------
     0 | D:1      | Lexodia the Gnoll Chaos Knight began the quest for the Orb.
     0 | D:1      | Reached XP level 1. HP: 23/23 MP: 1/1
   273 | D:1      | Reached XP level 2. HP: 29/29 MP: 2/2
   312 | D:1      | XOM: smoke on damage
   446 | D:1      | XOM: divination: detect items
   868 | D:2      | Huge Dmg: 6 dmg
   877 | D:2      | Reached XP level 3. HP: 24/35 MP: 3/3
   929 | D:2      | XOM: harmless Chrm miscast
   935 | D:2      | XOM: harmless Tloc miscast
   946 | D:2      | XOM: mild Ice miscast
   949 | D:2      | Reached skill level 1 in Invocations
   990 | D:2      | XOM: god gift: club {god gift}
  1016 | D:2      | Noticed a necrophage
  1028 | D:2      | Reached skill level 1 in Short Blades
  1028 | D:2      | Reached skill level 1 in Long Blades
  1028 | D:2      | Reached skill level 1 in Axes
  1028 | D:2      | Reached skill level 1 in Polearms
  1028 | D:2      | Reached skill level 1 in Staves
  1028 | D:2      | Reached skill level 1 in Slings
  1028 | D:2      | Reached skill level 1 in Bows
  1028 | D:2      | Reached skill level 1 in Crossbows
  1028 | D:2      | Reached skill level 1 in Throwing
  1028 | D:2      | Reached skill level 1 in Stealth
  1028 | D:2      | Reached skill level 1 in Shields
  1028 | D:2      | Reached skill level 1 in Unarmed Combat
  1028 | D:2      | Reached skill level 1 in Spellcasting
  1028 | D:2      | Reached skill level 1 in Evocations
  1028 | D:2      | Reached XP level 4. HP: 27/40 MP: 5/5
  1035 | D:2      | Killed a necrophage
  1035 | D:2      | Reached skill level 1 in Conjurations
  1035 | D:2      | Reached skill level 1 in Hexes
  1035 | D:2      | Reached skill level 1 in Charms
  1035 | D:2      | Reached skill level 1 in Summonings
  1035 | D:2      | Reached skill level 1 in Necromancy
  1035 | D:2      | Reached skill level 1 in Translocations
  1035 | D:2      | Reached skill level 1 in Transmutations
  1035 | D:2      | Reached skill level 1 in Fire Magic
  1035 | D:2      | Reached skill level 1 in Ice Magic
  1035 | D:2      | Reached skill level 1 in Air Magic
  1035 | D:2      | Reached skill level 1 in Earth Magic
  1035 | D:2      | Reached skill level 1 in Poison Magic
  1035 | D:2      | Reached XP level 5. HP: 30/45 MP: 5/7
  1063 | D:2      | Found an opulent altar of Gozag.
  1182 | D:2      | Found a white marble altar of Elyvilon.
  1247 | D:2      | Found a snail-covered altar of Cheibriados.
  1744 | D:3      | Noticed Natasha
  1750 | D:3      | Huge Dmg: 11 dmg
  1750 | D:3      | Killed Natasha
  1765 | D:3      | XOM: harmless Pois miscast
  1775 | D:3      | Noticed an ogre
  1780 | D:3      | Huge Dmg: 15 dmg
  1780 | D:3      | Slain by an ogre

Levels and vault maps discovered:
D:1:      eino_arrival_cavern_b, layout_loops_corners
D:2:      layout_basic, old_standard_altar, nicolae_overflow_crystal_walls,
          ebering_dispersal_statue_hall, nicolae_gozag_seed_capital
D:3:      layout_loops_ring, chequers_ecumenical_altar_twisty,
          gammafunk_ghost_mausoleum, nicolae_dithmenos_through_a_glass_darkly,
          uniq_natasha

Skill      XL: |  1  2  3  4  5 |
---------------+----------------+-----
Invocations    | 1 |  1.8
Short Blades   | 1 |  1.6
Long Blades    | 1 |  1.6
Axes           | 1 |  1.6
Polearms       | 1 |  1.6
Staves         | 1 |  1.6
Slings         | 1 |  1.6
Bows           | 1 |  1.6
Crossbows      | 1 |  1.6
Throwing       | 1 |  1.6
Stealth        | 1 |  1.6
Shields        | 1 |  1.6
Unarmed Combat | 1 |  1.6
Spellcasting   | 1 |  1.6
Evocations     | 1 |  1.6
Conjurations   | 1 |  1.3
Hexes          | 1 |  1.3
Charms         | 1 |  1.3
Summonings     | 1 |  1.3
Necromancy     | 1 |  1.3
Translocations | 1 |  1.3
Transmutations | 1 |  1.3
Fire Magic     | 1 |  1.3
Ice Magic      | 1 |  1.3
Air Magic      | 1 |  1.3
Earth Magic    | 1 |  1.3
Poison Magic   | 1 |  1.3
Dodging        | 3 |  3.0
Fighting       | |  6.7
Maces & Flails | |  6.7
Armour         | |  4.8

Action                   |  1- 3 |  4- 6 || total
-------------------------+-------+-------++-------
Melee: Mace              |    74 |    35 ||   109
       Bite              |     5 |     4 ||     9
       Club              |    11 |       ||    11
 Stab: Sleeping          |     2 |     2 ||     4
  Eat: Chunk             |       |     3 ||     3
Armor: Leather armour    |    17 |     5 ||    22
Dodge: Dodged            |    58 |    15 ||    73

Table legend:
 A = Non-vault XP
 B = Vault XP
 C = Vault XP percentage of total XP
 D = Non-vault monster count
 E = Vault monster count
 F = Vault count percentage of total count
                 A         B        C        D         E       F
            +---------+---------+-------+---------+---------+-------
      Total |     258 |      35 |  11.9 |      41 |       1 |   2.4
            +---------+---------+-------+---------+---------+-------
        D:1 |      29 |       0 |   0.0 |      17 |       0 |   0.0
        D:2 |     216 |       0 |   0.0 |      19 |       0 |   0.0
        D:3 |      13 |      35 |  72.9 |       5 |       1 |  16.7
            +---------+---------+-------+---------+---------+-------
